Map: Ruins of Endion

Players

prometheus - Winner!

  • Race: Protoss Protoss
  • Spawn Location: 7:00

Fropez

  • Race: Protoss Protoss
  • League: Silver
  • Spawn Location: 5:00

VOD

Have the link to the VOD?

Description

Time

  • Played on: May 8, 2016, 10:40 p.m.
  • Length: 23:11
Show
View Real Time Build Order
Export as new Build Order

prometheus Protoss - Winner!

Build Orders:  

Get SALT Encoding   

  12  0:02  Probe (Chrono Boost)  
  13  0:15  Pylon  
  13  0:18  Probe (Chrono Boost)  
  14  0:29  Probe (Chrono Boost)  
  15  0:38  Gateway  
  15  0:40  Probe (Chrono Boost)  
  16  0:54  Probe (Chrono Boost), Assimilator  
  17  1:05  Probe (Chrono Boost)  
  18  1:15  Probe (Chrono Boost)  
  19  1:23  Assimilator  
  19  1:30  Pylon, Probe (Chrono Boost)  
  20  1:41  Probe (Chrono Boost)  
  21  1:51  Probe (Chrono Boost)  
  22  1:55  Cybernetics Core  
  22  2:02  Probe (Chrono Boost)  
  23  2:11  Nexus  
  23  2:29  Pylon  
  23  2:35  Stalker  
  25  2:37  Mothership Core (Chrono Boost)  
  25  2:39  Warp Gate (Chrono Boost)  
  27  2:48  Robotics Facility  
  27  3:05  Sentry  
  29  3:24  Probe (Chrono Boost)  
  30  3:31  Stalker  
  32  3:34  Probe (Chrono Boost)  
  32  3:39  Immortal  
  37  3:44  Probe (Chrono Boost)  
  38  3:54  Probe  
  39  3:59  Gateway  
  39  4:04  Probe  
  40  4:15  Probe  
  41  4:18  Observer  
  41  4:21  Forge  
  42  4:25  Probe  
  43  4:36  Probe  
  44  4:40  Immortal  
  44  4:43  Assimilator  
  48  4:46  Probe  
  49  4:56  Stalker  
  49  4:57  Probe, Stalker  
  54  5:10  Pylon  
  54  5:11  Photon Cannon  
  54  5:12  Pylon  
  54  5:20  Pylon  
  54  5:25  Assimilator  
  54  5:27  Probe  
  54  5:30  Stalker x2  
  59  5:37  Observer, Probe  
  61  5:45  Protoss Ground Weapons Level 1 (Chrono Boost)  
  61  5:48  Probe  
  62  5:58  Probe  
  62  5:59  Observer  
  64  6:09  Probe  
  65  6:17  Gateway  
  65  6:20  Probe, Gateway, Immortal  
  70  6:27  Stalker  
  70  6:28  Photon Cannon, Stalker  
  70  6:30  Probe  
  70  6:32  Photon Cannon  
  75  6:41  Probe  
  76  6:51  Probe  
  77  6:59  Observer  
  78  7:26  Protoss Ground Armor Level 1 (Chrono Boost)  
  78  7:30  Pylon  
  78  7:31  Pylon  
  78  7:33  Pylon  
  78  7:37  Pylon  
  78  7:40  Gateway  
  78  7:42  Gateway x2  
  78  7:43  Gateway  
  78  7:46  Pylon  
  78  7:47  Probe  
  78  7:48  Pylon  
  79  7:57  Probe, Stalker x3  
  79  7:58  Stalker  
  80  8:37  Stalker  
  80  8:38  Stalker x3  
  88  8:53  Pylon  
  88  8:55  Nexus  
  88  8:58  Assimilator  
  88  9:01  Assimilator  
  88  9:04  Stalker  
  88  9:05  Stalker x3  
  88  9:06  Stalker x2  
  88  9:07  Stalker x2  
  104  9:15  Photon Cannon  
  104  9:18  Photon Cannon  
  104  9:28  Twilight Council  
  104  9:29  Protoss Shields Level 1 (Chrono Boost)  
  104  9:31  Forge  
  104  9:43  Robotics Facility  
  78  10:36  Mothership Core  
  80  10:46  Stalker  
  80  10:47  Stalker x2  
  80  10:48  Stalker x2  
  80  10:49  Stalker x2  
  94  10:50  Stalker  
  94  10:56  Probe  
  96  11:04  Protoss Ground Weapons Level 2 (Chrono Boost)  
  97  11:06  Probe  
  98  11:14  Stalker x2  
  98  11:15  Stalker  
  98  11:16  Stalker x2  
  98  11:17  Probe, Stalker  
  98  11:18  Stalker  
  113  11:27  Probe  
  113  11:30  Observer x2  
  116  11:38  Probe  
  117  11:47  Templar Archives  
  117  11:48  Protoss Shields Level 2 (Chrono Boost)  
  117  11:51  Immortal  
  121  11:57  Stalker  
  121  11:58  Stalker x2  
  121  11:59  Stalker  
  121  12:01  Stalker  
  131  12:21  Stalker x2  
  131  12:22  Stalker x2  
  139  12:23  Stalker  
  139  12:24  Stalker  
  143  12:38  Psionic Storm  
  135  13:19  Protoss Ground Armor Level 2 (Chrono Boost)  
  135  13:22  Nexus  
  135  13:29  Probe  
  136  13:39  Probe  
  137  13:48  Pylon x2  
  137  13:50  Probe  
  137  13:55  Pylon, Protoss Ground Weapons Level 3 (Chrono Boost)  
  138  13:58  Pylon  
  138  13:59  High Templar  
  138  14:00  High Templar x2, Probe  
  138  14:01  High Templar x2  
  149  14:11  Probe  
  150  14:38  Probe  
  151  14:48  Probe  
  152  14:56  Stalker x3  
  152  14:57  Stalker x3  
  152  14:58  Stalker x2  
  152  14:59  Probe  
  169  15:08  Assimilator  
  169  15:09  Probe  
  169  15:13  Assimilator  
  158  15:20  Probe  
  137  15:41  Probe  
  138  15:51  Probe  
  139  15:57  Stalker  
  139  15:58  Stalker x3  
  139  15:59  Stalker x3  
  139  16:00  Stalker  
  139  16:02  Probe  
  156  16:08  Charge  
  156  16:12  Probe, Protoss Shields Level 3 (Chrono Boost)  
  157  16:29  Protoss Ground Armor Level 3 (Chrono Boost)  
  157  16:54  High Templar x3  
  159  16:55  High Templar x2  
  159  16:56  High Templar x3  
  173  17:31  Zealot x2  
  173  17:32  Zealot x3  
  173  17:33  Zealot x3  
  189  17:45  Gateway x2  
  189  17:48  Blink  
  189  17:55  Zealot  
  189  17:56  Zealot x2  
  195  18:10  Nexus  
  195  18:13  Assimilator  
  195  18:15  Assimilator  
  194  19:16  Stalker  
  190  20:21  Zealot x3  
  192  20:22  Zealot x2  
  51  21:50  Stalker x4  
  51  21:51  Stalker x3  
  51  21:52  Stalker x2  
  51  21:53  Stalker, Mothership Core  
  73  22:32  Stalker x3  
  73  22:33  Stalker x3  
  81  22:56  Zealot  
  81  22:57  Zealot x3  
  81  22:58  Zealot x3  
  91  22:59  Zealot x2  
  91  23:00  Zealot  
Show
View Real Time Build Order
Export as new Build Order

Fropez Protoss 

Build Orders:  

Get SALT Encoding   

  12  0:01  Probe (Chrono Boost)  
  13  0:17  Pylon  
  13  0:19  Probe (Chrono Boost)  
  14  0:29  Probe (Chrono Boost)  
  15  0:40  Probe (Chrono Boost)  
  15  0:41  Assimilator  
  16  0:46  Assimilator  
  16  0:50  Probe (Chrono Boost)  
  17  1:01  Gateway  
  17  1:02  Probe (Chrono Boost)  
  18  1:12  Pylon  
  18  1:23  Pylon  
  18  1:27  Probe (Chrono Boost)  
  19  1:41  Gateway  
  19  1:47  Probe (Chrono Boost)  
  20  1:58  Probe (Chrono Boost)  
  21  2:02  Cybernetics Core  
  22  2:08  Probe (Chrono Boost)  
  22  2:19  Probe (Chrono Boost)  
  23  2:31  Gateway  
  24  2:41  Mothership Core (Chrono Boost)  
  25  2:57  Nexus  
  25  3:00  Warp Gate (Chrono Boost)  
  25  3:05  Probe  
  25  3:17  Probe  
  26  3:25  Stalker  
  26  3:26  Stalker  
  30  3:43  Pylon  
  30  3:48  Pylon  
  30  3:50  Probe  
  31  4:01  Stalker x2  
  35  4:04  Stalker  
  37  4:14  Pylon, Probe  
  37  4:16  Probe  
  39  4:51  Stalker x3  
  45  4:55  Assimilator  
  45  4:58  Assimilator  
  45  5:01  Twilight Council  
  45  5:05  Probe  
  46  5:08  Pylon  
  46  5:10  Probe  
  47  5:28  Probe  
  48  5:30  Probe  
  48  5:32  Robotics Facility  
  49  5:42  Probe x2  
  50  5:43  Blink (Chrono Boost)  
  50  5:48  Pylon  
  51  5:52  Probe  
  51  5:54  Probe  
  53  6:03  Probe  
  53  6:07  Probe  
  55  6:14  Probe  
  56  6:31  Immortal  
  60  6:34  Nexus  
  60  6:36  Pylon  
  60  6:37  Probe  
  60  6:39  Pylon  
  61  6:43  Probe  
  62  6:49  Probe  
  63  6:55  Forge, Probe  
  63  6:56  Forge  
  63  6:58  Forge  
  63  7:01  Probe  
  65  7:06  Probe  
  66  7:13  Observer (Chrono Boost), Probe  
  68  7:20  Probe  
  69  7:31  Protoss Shields Level 1 (Chrono Boost), Protoss Ground Weapons Level 1 (Chrono Boost), Protoss Ground Armor Level 1 (Chrono Boost)  
  69  7:33  Immortal (Chrono Boost)  
  73  7:40  Assimilator  
  73  7:43  Assimilator  
  73  7:46  Photon Cannon  
  73  7:49  Probe  
  73  7:50  Pylon  
  74  8:04  Probe  
  75  8:08  Stalker x3  
  70  8:38  Stalker  
  70  8:39  Stalker x2  
  76  8:42  Immortal (Chrono Boost)  
  76  8:47  Gateway  
  80  8:50  Gateway  
  80  8:53  Pylon x3  
  80  8:54  Pylon  
  80  8:58  Pylon  
  80  9:02  Pylon  
  80  9:04  Probe  
  80  9:06  Photon Cannon  
  80  9:08  Photon Cannon  
  81  9:17  Charge  
  81  9:22  Immortal  
  85  9:25  Protoss Ground Armor Level 2 (Chrono Boost)  
  85  9:27  Protoss Shields Level 2 (Chrono Boost)  
  85  9:42  Protoss Ground Weapons Level 2 (Chrono Boost)  
  85  9:43  Probe  
  86  9:46  Nexus  
  84  9:56  Stalker x2  
  84  9:57  Stalker  
  72  10:18  Photon Cannon  
  72  10:19  Photon Cannon  
  67  10:36  Pylon  
  67  10:41  Immortal  
  71  11:13  Stalker x2  
  71  11:14  Stalker x3  
  81  11:21  Immortal  
  85  11:27  Probe x2  
  85  11:28  Probe  
  85  11:30  Protoss Ground Armor Level 3 (Chrono Boost)  
  90  11:40  Mothership Core  
  90  11:42  Protoss Ground Weapons Level 3 (Chrono Boost)  
  90  11:51  Protoss Shields Level 3 (Chrono Boost)  
  90  12:00  Immortal (Chrono Boost)  
  94  12:06  Pylon  
  94  12:10  Pylon  
  94  12:14  Assimilator  
  94  12:16  Assimilator  
  94  12:23  Templar Archives  
  94  12:24  Pylon  
  94  12:26  Pylon  
  94  12:29  Zealot x2  
  98  12:35  Zealot  
  98  12:36  Zealot  
  102  12:40  Zealot  
  104  12:47  Photon Cannon  
  104  12:52  Zealot  
  104  12:53  Zealot  
  101  13:06  High Templar x3  
  103  13:27  Probe  
  103  13:28  Probe x2  
  103  13:33  High Templar  
  108  13:34  High Templar  
  110  13:44  Pylon  
  110  13:59  Pylon  
  110  14:08  Probe  
  111  14:10  Nexus, Probe  
  111  14:11  Assimilator  
  111  14:13  Pylon x2, Assimilator  
  112  14:17  Photon Cannon x2  
  112  14:22  High Templar x5  
  121  14:25  Archon x2  
  121  14:26  Archon x2  
  121  14:28  Archon  
  95  15:25  High Templar  
  95  15:26  High Templar x4  
  95  15:30  Archon x2  
  95  15:40  Pylon  
  95  15:59  Nexus, Probe  
  95  16:00  Probe  
  95  16:02  Probe  
  98  16:07  Nexus  
  98  16:12  Probe x2  
  100  16:20  Nexus  
  100  16:24  Assimilator  
  100  16:26  Assimilator  
  100  16:28  Pylon  
  100  16:31  Pylon, High Templar x5  
  110  16:35  Archon x2  
  110  16:36  Archon  
  109  16:44  Pylon  
  109  16:45  Pylon  
  107  16:47  Assimilator  
  107  16:52  Assimilator  
  107  16:58  Pylon  
  107  17:02  Pylon  
  107  17:04  Assimilator  
  107  17:07  Assimilator  
  107  17:10  Stargate  
  107  17:44  Zealot x4  
  107  17:45  Zealot  
  107  17:49  Stargate  
  117  17:53  Stargate  
  117  18:04  Observer (Chrono Boost)  
  118  18:06  Zealot x2  
  118  18:07  Zealot x3  
  128  18:23  Observer (Chrono Boost)  
  129  18:41  Void Ray (Chrono Boost)  
  129  18:42  Void Ray x2 (Chrono Boost)  
  141  18:51  Protoss Air Weapons Level 1  
  141  19:01  Zealot x4  
  141  19:02  Zealot  
  145  19:11  Probe, Gateway  
  145  19:12  Probe  
  145  19:13  Probe  
  145  19:15  Gateway  
  148  19:18  Gateway  
  148  19:23  Pylon  
  125  19:55  High Templar x2  
  125  19:56  High Templar x3  
  111  20:53  Assimilator  
  101  20:57  Assimilator  
  101  21:00  Pylon  
  101  21:02  Pylon  
  93  21:12  Archon x2  
  74  21:23  Nexus  
  26  21:49  Zealot x4  
  25  22:53  High Templar x3  
  25  22:57  Archon  
Tags
 
League
Silver
Matchup
PvP
Replay Pack
All Mines
Spawn Locations
Close Positions
Add a new tag
Caveats
  • Supply blocks, unpowered buildings, or Contaminate may cause inaccurate times.
  • Supply counts are checked every 10 seconds.